 Dungeon Crawl Stone Soup version 0.31-a0-1611-g890cdf5628 (webtiles) character file.

Game seed: 6269897730096236489

25 Curundu the Chopper (level 2, -2/26 HPs)
             Began as a Minotaur Cinder Acolyte on Jan 8, 2024.
             Was a High Priest of Ignis.
             Slain by an orc wizard
             ... wielding a +0 dagger
              (4 damage)
             ... on level 2 of the Dungeon.
             The game lasted 00:03:26 (1085 turns).

Curundu the Chopper (Minotaur Cinder Acolyte)       Turns: 1085, Time: 00:03:27

Health: -2/26      AC:  3    Str: 18    XL:     2   Next: 86%
Magic:  2/3        EV: 11    Int: 11    God:    Ignis [*****.]
Gold:   56         SH:  0    Dex:  5    Spells: 3/3 levels left

rFire   + + .        a - -1 hand axe (flame)
rCold   . . .        (no shield)
rNeg    . . .        b - +0 robe
rPois   .            (helmet restricted)
rElec   .            h - +0 cloak
rCorr   .            (no gloves)
SInv    .            (no boots)
Will    .....        (no amulet)
Stlth   +            g - ring of protection from fire
HPRegen 0.24/turn    (no ring)
MPRegen 0.08/turn

%: no passive effects
@: no status effects
A: horns 2, retaliatory headbutt
a: Renounce Religion, Fiery Armour, Foxfire Swarm, Rising Flame


You were on level 2 of the Dungeon.
You worshipped Ignis.
Ignis was extremely pleased with you.
You visited 1 branch of the dungeon, and saw 2 of its levels.

You collected 56 gold pieces.

Inventory:

Hand Weapons
 a - a -1 hand axe of flaming (weapon)
Missiles
 c - 6 poisoned darts (quivered)
Armour
 b - a +0 robe (worn)
 h - a +0 cloak (worn)
Jewellery
 g - a ring of protection from fire (left hand)
Scrolls
 i - a scroll of revelation {unknown}
Potions
 d - a potion of haste {unknown}
 e - a potion of ambrosia {unknown}
 f - a potion of heal wounds {unknown}


   Skills:
 - Level 3.6 Fighting
 + Level 4.1 Axes
 + Level 1.4 Spellcasting
 + Level 2.5 Fire Magic


You had 3 spell levels left.
You didn't know any spells.
Your spell library contained the following spells:

 Spells                   Type           Power      Damage    Failure   Level
 Scorch                   Fire           12%        2d5       17%         2


Dungeon Overview and Level Annotations

Branches:
Dungeon (2/15)

Altars:
Zin

Shops:
D:1 =


Innate Abilities, Weirdness & Mutations

You have a pair of horns on your head.
You reflexively headbutt those who attack you in melee.


Message History

You barely miss something.
You feel sick. The adder barely misses you. The adder closely misses you.
You furiously retaliate!
You headbutt the adder. You hit the adder. You burn the adder.
You kill the adder!
You hit something but do no damage.
You feel sick. Something completely misses you.
The orc throws a boomerang.
The boomerang hits you but does no damage.
You closely miss the orc. You closely miss something.
You feel sick.
You are no longer poisoned.
The orc barely misses you. Something hits you.
The orc throws a boomerang.
The boomerang hits you.
You closely miss the orc. You barely miss something.
The orc hits you but does no damage.
You hear some strange, mumbled words.
A puff of flame appears from out of thin air!
The puff of flame misses you.
The puff of flame hits the orc.
The orc throws a boomerang.
The boomerang misses you.
You barely miss the orc.
The orc is almost dead.
You miss something. The orc hits you but does no damage. Something hits you.
You closely miss the orc.
The orc is almost dead.
You miss something. The orc misses you. You furiously retaliate!
You headbutt the orc.
You kill the orc!
Something hits you.
You closely miss something. Something hits you. x2
* * * LOW HITPOINT WARNING * * *
The goblin closely misses you.
You barely miss the goblin. You barely miss something.
The goblin hits you with a +0 club.
* * * LOW HITPOINT WARNING * * *
Something hits you.
* * * LOW HITPOINT WARNING * * *
You hit the goblin but do no damage. You headbutt the goblin.
You kill the goblin!
You miss something. Something hits you.
* * * LOW HITPOINT WARNING * * *
You miss something. Something hits you.
You die...

.....
.......
.......
......###
........#
...o.##o#
#....<#
#o###.#
#o{@).#
#######


You could see 2 orcs.

Vanquished Creatures
  An adder (D:2)
  A dart slug (D:1)
  An orc (D:2)
  2 bats (D:1)
  An endoplasm (D:1)
  A giant cockroach (D:1)
  2 goblins
  A hobgoblin (D:1)
  A quokka (D:1)
  A ball python (D:1)
  A frilled lizard (D:1)
  2 rats (D:1)
15 creatures vanquished.

Notes
Turn   | Place    | Note
-------+----------+-------------------------------------------
     0 | D:1      | Curundu the Minotaur Cinder Acolyte began the quest for the
                  | Orb.
     0 | D:1      | Reached XP level 1. HP: 19/19 MP: 1/1
    61 | D:1      | Found a transporter.
   122 | D:1      | Found a faded altar of an unknown god.
   193 | D:1      | Reached XP level 2. HP: 13/26 MP: 2/2
   423 | D:1      | Found Syacwed's Jewellery Shop.
   561 | D:1      | Reached skill level 4 in Axes
   852 | D:1      | Found a transporter.
   961 | D:1      | Found a glowing silver altar of Zin.
  1084 | D:2      | HP: 1/26 [something (2)]
  1085 | D:2      | Slain by an orc wizard

Illustrated notes

Levels and vault maps discovered:
D:1:      dpeg_arrival_water_altar, layout_basic,
          hellmonk_ecumenical_altar_leap_of_faith, serial_shops,
          nicolae_shop_drivethru
D:2:      layout_basic, hangedman_decor_peaks_small,
          nicolae_concentric_dashed_squares_mild, uniq_sigmund, uniq_terence

Skill      XL: |  1  2 |
---------------+-------+-----
Axes           | 4 |  4.1
Fighting       | |  3.6
Spellcasting   | |  1.4
Fire Magic     | |  2.5

Action                     || total
---------------------------++-------
  Melee: Hand axe          ||    42
         Headbutt          ||     4
  Throw: Dart              ||     4
 Armour: Robe              ||    34
  Dodge: Dodged            ||    29

Table legend: (Time is in decaauts)
 A = Elapsed time spent in this place.
 B = Non-inter-level travel time spent in this place.
 C = Inter-level travel time spent in this place.
 D = Time resting spent in this place.
 E = Time spent auto-exploring this place.
 F = Levels seen in this place.
 G = Mean time per level.
                   A        B        C        D        E       F      G
               +--------+--------+--------+--------+--------+-----+--------+
         Total |   1092 |   1092 |      0 |      0 |    855 |   2 |  546.0 |
       Dungeon |   1092 |   1092 |      0 |      0 |    855 |   2 |  546.0 |
               +--------+--------+--------+--------+--------+-----+--------+

Top non-repeatable levels by time:
     D:1: 1070 daAuts
     D:2: 22 daAuts
